 Dungeon Crawl Stone Soup version 0.24.0-2-g5b39cebb1c (webtiles) character file.

Game seed: 15273615220841265934, levelgen mode: deterministic

805 Bobbo the Chiller (level 7, -8/46 HPs)
             Began as a Vampire Ice Elementalist on Oct 30, 2019.
             Mangled by an ogre
             ... wielding a +0 giant club
              (28 damage)
             ... on level 6 of the Dungeon.
             The game lasted 00:14:48 (4780 turns).

Bobbo the Chiller (Vampire Ice Elementalist)        Turns: 4780, Time: 00:14:48

Health: -8/46      AC:  7    Str:  8    XL:     7   Next: 60%
Magic:  8/11       EV: 12    Int: 22    God:
Gold:   287        SH:  0    Dex: 14    Spells: 5/11 levels left

rFire    . . .     SeeInvis +   a - +1 dagger (venom)
rCold    . . .     Gourm    .   (no shield)
rNeg     . . .     Faith    .   f - +0 robe
rPois    +         Spirit   .   j - +2 helmet {Int+3}
rElec    .         Reflect  .   (no cloak)
rCorr    +         Harm     .   r - +1 pair of gloves
MR       .....                  (no boots)
Stlth    ++........             (no amulet)
HPRegen  0.35/turn              e - ring of resist corrosion
MPRegen  0.12/turn              s - ring of poison resistance

@: confusing touch, very slightly contaminated, regenerating quickly
A: no food, fangs 3, see invisible, unbreathing
a: Exsanguinate


You were on level 6 of the Dungeon.
You were alive.

You visited 1 branch of the dungeon, and saw 6 of its levels.

You collected 287 gold pieces.

Inventory:

Hand Weapons
 a - a +1 dagger of venom (weapon)
 o - a +0 dagger of electrocution
 u - a +3 dagger of venom
Missiles
 c - 16 poisoned darts (quivered)
 y - 5 curare-tipped darts
Armour
 f - a +0 robe (worn)
 j - a +2 helmet of intelligence (worn)
 r - a +1 pair of gloves (worn)
 x - a +0 buckler
Jewellery
 e - a ring of resist corrosion (left hand)
 s - a ring of poison resistance (right hand)
 B - a +6 ring of dexterity {unknown}
Scrolls
 b - 6 scrolls of identify {unknown}
 k - 2 scrolls of amnesia {unknown}
 m - 7 scrolls of teleportation {unknown}
 p - a scroll of enchant weapon {unknown}
 q - a scroll of enchant armour {unknown}
 t - a scroll of fear {unknown}
 v - 2 scrolls of blinking {unknown}
Potions
 d - a potion of degeneration {unknown}
 g - 3 potions of curing {unknown}
 h - 3 potions of heal wounds {unknown}
 i - a potion of flight {unknown}
 l - a potion of magic {unknown}
 n - a potion of mutation {unknown}
 w - a potion of haste {unknown}
 z - a potion of ambrosia {unknown}
 A - 2 potions of agility {unknown}
 C - a potion of brilliance {unknown}


   Skills:
 - Level 2.1 Dodging
 - Level 3.0 Stealth
 + Level 2.7 Spellcasting
   Level 0.6 Conjurations
 - Level 3.4 Hexes
 + Level 5.1 Summonings
 + Level 6.5 Ice Magic


You had 5 spell levels left.
You knew the following spells:

 Your Spells              Type           Power        Failure   Level  Hunger
a - Freeze                Ice            ####         1%          1    N/A
b - Summon Ice Beast      Ice/Summ       ####....     12%         4    N/A
c - Confusing Touch       Hex            ###...       3%          1    N/A

Your spell library contained the following spells:

 Spells                   Type           Power        Failure   Level  Hunger
 Throw Frost              Conj/Ice       ###...       4%          2    N/A
 Ozocubu's Armour         Chrm/Ice       ###.....     10%         3    N/A
 Throw Icicle             Conj/Ice       ###.....     30%         4    N/A
 Fulminant Prism          Conj/Hex       ##........   50%         4    N/A
 Leda's Liquefaction      Hex/Erth       ##........   54%         4    N/A

Dungeon Overview and Level Annotations

Branches:
Dungeon (6/15)
 Temple: D:4-7

Altars:
Dithmenos
Fedhas
Hepliaklqana
Kikubaaqudgha
Makhleb
Okawaru
Trog
Wu Jian
Xom


Innate Abilities, Weirdness & Mutations

You do not eat.
Your natural rate of healing is unusually fast.
You have razor-sharp teeth.
You have supernaturally acute eyesight. (SInv)
You can survive without breathing.


Message History

You freeze the ogre.
The ogre is moderately wounded.
The ogre hits you with a +0 giant club!
Casting: Freeze (safe; 1% risk of failure)
Confirm with . or Enter, or press ? or * to list all spells.
You miscast Confusing Touch.
You are very lightly contaminated with residual magic.
Nothing appears to happen.
The ogre hits you with a +0 giant club!!
You hit the ogre but do no damage.
The ogre looks as sick as possible!
The ogre is heavily wounded.
You hit the ogre. Your bite misses the ogre.
The ogre is heavily wounded.
The ogre closely misses you.
Casting: Confusing Touch (safe; 3% risk of failure)
Confirm with . or Enter, or press ? or * to list all spells.
Your hands begin to glow red.
The ogre hits you with a +0 giant club!!
Ouch! That really hurt!
You die...

#..
#.(
.(
#(#
(.
##(
##.#
#O.#
##@##
##.##
#..#
##.##
#..#
##.##
##.##
#..#
##.##


You could see an ogre.

Vanquished Creatures
  An orc warrior (D:6)
  2 bullfrogs
  2 scorpions
  A quasit (D:5)
  A hound (D:3)
  An orc wizard (D:5)
  An iguana (D:4)
  6 adders
  A gnoll (D:1)
  An ooze (D:2)
  An adder skeleton (D:4)
  A worm (D:2)
  3 dart slugs
  5 leopard geckos
  6 orcs
  6 bats
  2 bat zombies (D:2)
  6 giant cockroaches
  13 hobgoblins
  5 jackals
  A quokka (D:2)
  4 frilled lizards
  6 goblins
  6 kobolds
  8 rats
90 creatures vanquished.

Vanquished Creatures (collateral kills)
  2 ogres (D:4)
  A centaur (D:5)
  A crimson imp (D:6)
  A hound (D:6)
  2 orc priests
  An orc wizard (D:4)
  A worker ant zombie (D:5)
  2 shadow imps
  8 orcs
  8 jackals
27 creatures vanquished.

Grand Total: 117 creatures vanquished

Notes
Turn   | Place    | Note
-------+----------+-------------------------------------------
     0 | D:1      | Bobbo the Vampire Ice Elementalist began the quest for the
                  | Orb.
     0 | D:1      | Reached XP level 1. HP: 13/13 MP: 3/3
   140 | D:1      | Reached XP level 2. HP: 19/19 MP: 5/5
   357 | D:1      | Reached skill level 4 in Ice Magic
   425 | D:1      | Reached XP level 3. HP: 21/24 MP: 6/6
  1069 | D:2      | Reached skill level 5 in Ice Magic
  1069 | D:2      | Reached XP level 4. HP: 20/24 MP: 3/7
  1075 | D:2      | Learned a level 4 spell: Summon Ice Beast
  1545 | D:2      | Found a hazy altar of Hepliaklqana.
  1546 | D:2      | Found a shimmering altar of Xom.
  1546 | D:2      | Noticed a tyrant leech
  1547 | D:2      | Noticed a tyrant leech
  1547 | D:2      | Noticed a spectral ugly thing
  1549 | D:2      | Reached skill level 1 in Summonings
  2124 | D:2      | Found an ancient bone altar of Kikubaaqudgha.
  2475 | D:3      | Noticed a bullfrog
  2486 | D:3      | Killed a bullfrog
  2486 | D:3      | Reached XP level 5. HP: 11/28 MP: 4/8
  3022 | D:4      | Found a burning altar of Makhleb.
  3082 | D:4      | Noticed an ogre
  3090 | D:4      | Reached XP level 6. HP: 34/36 MP: 4/9
  3334 | D:4      | Found a shadowy altar of Dithmenos.
  3336 | D:4      | Found an ornate altar of the Wu Jian Council.
  3513 | D:4      | Identified Sif Muna's Handbook of Beguiling and the
                  | Snowflakes
  3567 | D:4      | Learned a level 1 spell: Confusing Touch
  3568 | D:5      | Entered Level 5 of the Dungeon
  3634 | D:5      | Reached skill level 1 in Hexes
  3801 | D:4      | Reached XP level 7. HP: 34/41 MP: 6/10
  3917 | D:5      | Found a blossoming altar of Fedhas.
  4016 | D:5      | Reached skill level 6 in Ice Magic
  4191 | D:5      | Found a bloodstained altar of Trog.
  4640 | D:6      | Found an iron altar of Okawaru.
  4671 | D:6      | Reached skill level 5 in Summonings
  4780 | D:6      | Mangled by an ogre

Levels and vault maps discovered:
D:1:      scummos_arrival_simple_crosswalls, layout_basic
D:2:      layout_loops_corners, regret_index_temple_of_mockery,
          lemuel_zombie_altar_kikubaaqudgha, first_ration, nrook_uturn,
          kennysheep_potato
D:3:      layout_loops_ring
D:4:      layout_basic, old_standard_altar,
          chequers_temple_overflow_statue_of_worship, serial_rivers,
          chequers_serial_rivers_micro_b, chequers_serial_rivers_micro_a,
          chequers_serial_rivers_micro_b, chequers_serial_rivers_micro_c,
          chequers_serial_rivers_micro_d, chequers_serial_rivers_room_a
D:5:      layout_basic, lemuel_coloured_pillars_altar,
          nicolae_overflow_crystal_walls, chequers_garden
D:6:      layout_cave_pods, okawaru_gym_becter, uniq_menkaure, uniq_grinder

Skill      XL: |  1  2  3  4  5  6  7 |
---------------+----------------------+-----
Ice Magic      | 4 5 6 |  6.5
Summonings     | 2 3 4 5 |  5.1
Hexes          | 3 |  3.4
Dodging        | |  2.1
Stealth        | |  3.0
Spellcasting   | |  2.7
Conjurations   | |  0.6

Action                   |  1- 3 |  4- 6 |  7- 9 || total
-------------------------+-------+-------+-------++-------
Melee: Mace              |     4 |       |       ||     4
       Short sword       |    14 |       |       ||    14
       Dagger            |    20 |   121 |    46 ||   187
       Bite              |     3 |    10 |     2 ||    15
Throw: Dart              |    30 |    12 |    10 ||    52
 Cast: Freeze            |    21 |    20 |     2 ||    43
       Summon Ice Beast  |       |     9 |     5 ||    14
       Confusing Touch   |       |     3 |    10 ||    13
 Abil: Exsanguinate      |     1 |       |       ||     1
       Revivify          |       |     1 |       ||     1
 Stab: Sleeping          |     6 |    16 |       ||    22
       Confused          |       |       |     4 ||     4
Armor: Robe              |     9 |    38 |    18 ||    65
Dodge: Dodged            |    35 |    85 |    22 ||   142
